 Dungeon Crawl Stone Soup version 0.30-a0-913-g9934a0ce24 (webtiles) character file.

Game seed: 5791199467811910250

24 Zonian the Ruffian (level 3, 0/40 HPs)
             Began as a Vine Stalker Gladiator on Mar 19, 2023.
             Succumbed to an adder's poison
             ... on level 2 of the Dungeon.
             The game lasted 00:01:31 (1023 turns).

Zonian the Ruffian (Vine Stalker Gladiator)         Turns: 1023, Time: 00:01:32

Health: 0/40       AC: 21    Str: 18    XL:     3   Next: 2%
Magic:  1/4        EV:  2    Int:  8    God:
Gold:   54         SH:  0    Dex: 15    Spells: 2/2 levels left

rFire   . . .      SeeInvis .      - Unarmed
rCold   . . .      Faith    .    (no shield)
rNeg    . . .      Spirit   +    a - melded +0 leather armour
rPois   +          Reflect  .    b - melded +0 helmet
rElec   .          Rampage  .    e - melded scarf {+Inv}
rCorr   .          NoTele   +    (gloves currently unavailable)
Will    .....                    (boots currently unavailable) Stlth
                                 (no amulet)
HPRegen 0.26/turn                (no ring)
MPRegen 0.09/turn                (no ring)

@: berserking, lethally poisoned (0 -> -1), tree-form, very quick
A: stationary, stasis, torment immunity, boosted hp, (fangs 2), magic shield,
(antimagic bite), no potion heal 2
a: no special abilities


You were on level 2 of the Dungeon.
You were a tree.
You visited 1 branch of the dungeon, and saw 2 of its levels.

You collected 54 gold pieces.

Inventory:

Missiles
 c - 3 throwing nets (quivered)
 d - a javelin
Armour
 a - a +0 leather armour (melded)
 b - a +0 helmet (melded)
 e - a scarf of invisibility (melded)
Scrolls
 g - a scroll of blinking {unknown}
 i - 3 scrolls of identify {unknown}
 k - a scroll of teleportation {unknown}
Potions
 h - a potion of attraction {unknown}
 j - a potion of lignification
 l - a potion of curing {unknown}


   Skills:
 + Level 2.1 Fighting
 + Level 2.2 Throwing
 + Level 2.6 Dodging
 + Level 3.3 Unarmed Combat


You had 2 spell levels left.
You didn't know any spells.
Your spell library was empty.

Dungeon Overview and Level Annotations

Branches:
Dungeon (2/15)

Altars:


Innate Abilities, Weirdness & Mutations

You are a tree.
Your roots penetrate the ground, keeping you stationary.
You cannot be teleported.
You are immune to unholy pain and torment.
Your maximum health is greatly increased.
Your equipment is partially melded.
((You have extremely sharp teeth.))
When hurt, damage is shared between your health and your magic reserves.
((Your bite disrupts and absorbs the magic of your enemies.))
Potions cannot restore your health.


Message History

The adder is lightly wounded.
The adder closely misses you.
You hit the adder. Your bite misses the adder.
The adder is moderately wounded.
The gnoll hits you from afar with a +0 halberd!
Ouch! That really hurt!
* * * LOW HITPOINT WARNING * * *
A gnoll comes into view. It is wielding a +0 halberd.
The adder bites you.
* * * LOW HITPOINT WARNING * * *
You miss the adder.
The gnoll shouts!
You bite the adder. You drain its power.
You feel invigorated.
The adder is almost dead.
The adder bites you.
* * * LOW HITPOINT WARNING * * *
You are lethally poisoned!
The adder poisons you!
The gnoll hits you from afar with a +0 halberd.
* * * LOW HITPOINT WARNING * * *
* * * LOW HITPOINT WARNING * * *
You feel sick. The adder barely misses you.
It was a potion of lignification.
You turn into a tree.
Your scarf of invisibility melds into your body.
Your +0 helmet melds into your body.
Your +0 leather armour melds into your body.
Your roots penetrate the ground.
* * * LOW HITPOINT WARNING * * *
You feel sick. The gnoll hits you but does no damage.
The adder bites you but does no damage.
It was a potion of berserk rage.
A red film seems to cover your vision as you go berserk!
You feel yourself moving faster!
You feel mighty!
* * * LOW HITPOINT WARNING * * *
You feel sick. The adder bites you. The gnoll hits you but does no damage.
You are too berserk!
Unknown command.
You pummel the adder!!
You kill the adder!
You die...

.# .# .# g#
g# >#
#######g###
#..<.♣....#
#[###...#.#
# ...#.#
#.#.#.#
..(#...#
.## ##### .


You could see a gnoll.

Vanquished Creatures
  An adder (D:2)
  2 dart slugs (D:1)
  A giant cockroach (D:1)
  2 goblins (D:1)
  2 hobgoblins (D:1)
  3 kobolds (D:1)
  A quokka (D:1)
  4 ball pythons (D:1)
  2 bats (D:1)
  A frilled lizard (D:1)
  2 rats (D:1)
21 creatures vanquished.

Notes
Turn   | Place    | Note
-------+----------+-------------------------------------------
     0 | D:1      | Zonian the Vine Stalker Gladiator began the quest for the
                  | Orb.
     0 | D:1      | Reached XP level 1. HP: 11/11 MP: 2/2
   243 | D:1      | Reached XP level 2. HP: 15/15 MP: 3/3
   786 | D:1      | Reached XP level 3. HP: 16/18 MP: 4/4
  1021 | D:2      | HP: 1/27 [poisoned by an adder]
  1023 | D:2      | Succumbed to an adder's poison

Illustrated notes

Levels and vault maps discovered:
D:1:      heliophobic_arrival_battle_scene, layout_loops_corners,
          minmay_stone_trees_small
D:2:      layout_basic, hellmonk_ecumenical_altar_lost_god

Skill      XL: |  1  2 |
---------------+-------+-----
Fighting       | 2 |  2.1
Throwing       | 2 |  2.2
Dodging        | |  2.6
Unarmed Combat | |  3.3

Action                     || total
---------------------------++-------
  Melee: Unarmed           ||    65
         Bite              ||    14
         Punch             ||     1
    Use: Potion            ||     2
   Stab: Sleeping          ||     2
 Armour: Leather armour    ||    20
         Skin              ||     3
  Dodge: Dodged            ||    42

Table legend: (Time is in decaauts)
 A = Elapsed time spent in this place.
 B = Non-inter-level travel time spent in this place.
 C = Inter-level travel time spent in this place.
 D = Time resting spent in this place.
 E = Time spent auto-exploring this place.
 F = Levels seen in this place.
 G = Mean time per level.
                   A        B        C        D        E       F      G
               +--------+--------+--------+--------+--------+-----+--------+
         Total |   1018 |    989 |     29 |      0 |    816 |   2 |  509.0 |
       Dungeon |   1018 |    989 |     29 |      0 |    816 |   2 |  509.0 |
               +--------+--------+--------+--------+--------+-----+--------+

Top non-repeatable levels by time:
     D:1: 1008 daAuts
     D:2: 10 daAuts
